 Dungeon Crawl Stone Soup version 0.32-a0-40-g2adb59ae06 (webtiles) character file.

Game seed: 7622505869781380241

67 PriceMaster the Conjurer (level 4, -3/27 HPs)
             Began as an Octopode Conjurer on Jan 25, 2024.
             Slain by an orc wizard
             ... wielding a +0 dagger
              (4 damage)
             ... on level 3 of the Dungeon.
             The game lasted 00:04:05 (2075 turns).

PriceMaster the Conjurer (Octopode Conjurer)        Turns: 2075, Time: 00:04:06

Health: -3/27      AC:  1    Str:  6    XL:     4   Next: 18%
Magic:  7/7        EV:  5    Int: 22    God:
Gold:   105        SH: 12    Dex: 10    Spells: 4/7 levels left

rFire   . . .        e - +0 dagger
rCold   . . .        m - +2 tower shield
rNeg    . . .        (helmet restricted)
rPois   .            (no amulet)
rElec   .            (no ring)
rCorr   .            (no ring)
SInv    .            (no ring)
Will    .....        (no ring)
Stlth   +++          (no ring)
HPRegen 0.24/turn    (no ring)
MPRegen 0.10/turn    (no ring)
                     (no ring)

%: no passive effects
@: no status effects
A: almost no armour, amphibious, 8 rings, camouflage 1, gelatinous body 1,
(nimble swimmer 1), tentacles
a: no special abilities


You were on level 3 of the Dungeon.
You visited 1 branch of the dungeon, and saw 3 of its levels.

You collected 105 gold pieces.

Inventory:

Hand Weapons
 e - a +0 dagger (weapon)
Missiles
 b - a throwing net
Armour
 m - a +2 tower shield (worn)
Jewellery
 i - a ring of ice
Scrolls
 d - 3 scrolls of identify
 f - a scroll of amnesia {unknown}
 k - 2 scrolls of teleportation {unknown}
Potions
 a - a potion of magic
 j - a potion of brilliance {unknown}
 l - a potion of enlightenment {unknown}


   Skills:
 + Level 0.2 Fighting
 + Level 2.1 Dodging
 + Level 3.3 Stealth
 + Level 0.7 Unarmed Combat
 + Level 2.4 Spellcasting
 + Level 4.9 Conjurations


You had 4 spell levels left.
You knew the following spells:

 Your Spells              Type           Power      Damage    Failure   Level
a - Magic Dart            Conj           96%        1d7       98%         1
b - Searing Ray           Conj           48%        2d6       99%         2

Your spell library contained the following spells:

 Spells                   Type           Power      Damage    Failure   Level
 Fulminant Prism          Conj/Alch      6%         3d7       100%        4
 Iskenderun's Mystic Bla  Conj/Tloc      13%        2d5       100%        4


Dungeon Overview and Level Annotations

Branches:
Dungeon (3/15)

Altars:


Innate Abilities, Weirdness & Mutations

You cannot wear most types of armour.
You are amphibious.
You can wear up to eight rings at the same time.
Your skin changes colour to match your surroundings (Stealth+).
Your rubbery body absorbs attacks. (AC +1, EV +1)
((You are camouflaged when in or above water. (Stealth+)))
You have tentacles for arms and can constrict up to eight enemies at once.


Message History

You block something's attack.
You hear some strange, mumbled words.
You are confused.
You bump into the rock wall.
Something hits you.
You completely miss something. Your squeeze misses something.
Something hits you.
* * * LOW HITPOINT WARNING * * *
It was a potion of curing.
You feel better.
You hear some strange, mumbled words.
A magic dart appears from out of thin air!
The magic dart hits you.
* * * LOW HITPOINT WARNING * * *
You hit something but do no damage. Something hits you.
* * * LOW HITPOINT WARNING * * *
Something hits you.
* * * LOW HITPOINT WARNING * * *
It was a potion of ambrosia.
You are confused.
You feel invigorated. Something hits you.
* * * LOW HITPOINT WARNING * * *
You bump into the rock wall.
Something hits you.
* * * LOW HITPOINT WARNING * * *
Something hits you.
* * * LOW HITPOINT WARNING * * *
You miss something. Something hits you. x2
* * * LOW HITPOINT WARNING * * *
You feel less invigorated.
You feel less confused.
You hear some strange, mumbled words.
A puff of flame appears from out of thin air!
You block the puff of flame. Something hits you.
* * * LOW HITPOINT WARNING * * *
You closely miss something. Something hits you.
* * * LOW HITPOINT WARNING * * *
Something hits you.
* * * LOW HITPOINT WARNING * * *
You hit something but do no damage. Your squeeze misses something.
You block something's attack. Something hits you.
You die...

### #... ..# #..#
#.# #..######.#
#.........##### ####
#..# #........#
....##..###.##@###.#
#.....)..)##{#
#.........).#
##...######.#
##..######.# ...
#.........# ...
#.######### ...
##'## #.# ##...##


There were no monsters in sight!

Vanquished Creatures
  An adder (D:3)
  2 dart slugs
  3 orcs (D:3)
  4 endoplasms
  2 giant cockroaches (D:1)
  6 hobgoblins
  2 jackals (D:1)
  4 quokkas
  7 ball pythons
  4 bats
  4 frilled lizards
  3 goblins (D:2)
  2 kobolds
  3 rats
47 creatures vanquished.

Notes
Turn   | Place    | Note
-------+----------+-------------------------------------------
     0 | D:1      | PriceMaster the Octopode Conjurer began the quest for the
                  | Orb.
     0 | D:1      | Reached XP level 1. HP: 11/11 MP: 3/3
   120 | D:1      | Reached XP level 2. HP: 11/17 MP: 1/5
   863 | D:1      | Reached XP level 3. HP: 21/21 MP: 6/6
  1052 | D:2      | Learned a level 2 spell: Searing Ray
  1602 | D:2      | Identified the +4 scale mail of the Ward {MP+9 Str-3 Int+3}
  1936 | D:3      | Reached XP level 4. HP: 27/27 MP: 0/7
  2074 | D:3      | HP: 1/27 [something (2)]
  2075 | D:3      | Slain by an orc wizard

Illustrated notes

Levels and vault maps discovered:
D:1:      dpeg_arrival_line_fractal, layout_loops_ring
D:2:      layout_basic, hangedman_feature_mirror, serial_park_tiny_2
D:3:      minmay_wonky_spiral, layout_loops_corners, serial_rivers,
          chequers_serial_rivers_micro_d, chequers_serial_rivers_micro_a,
          chequers_serial_rivers_small_a, chequers_serial_rivers_room_a,
          serial_bayou_lake_a

Skill      XL: |  1  2  3 |
---------------+----------+-----
Stealth        | 3 |  3.3
Fighting       | |  0.2
Dodging        | |  2.1
Unarmed Combat | |  0.7
Spellcasting   | |  2.4
Conjurations   | |  4.9

Action                     |  1- 3 |  4- 6 || total
---------------------------+-------+-------++-------
  Melee: Unarmed           |    22 |       ||    22
         Tentacles         |     4 |     2 ||     6
         Constrict         |     4 |     2 ||     6
         Dagger            |    12 |    16 ||    28
   Cast: Magic Dart        |    58 |       ||    58
         Searing Ray       |     5 |       ||     5
    Use: Scroll            |     1 |       ||     1
         Potion            |       |     3 ||     3
   Stab: Sleeping          |     3 |     1 ||     4
 Armour: Skin              |    12 |    26 ||    38
  Dodge: Dodged            |    24 |       ||    24
  Block: Tower shield      |       |    10 ||    10

Table legend: (Time is in decaauts)
 A = Elapsed time spent in this place.
 B = Non-inter-level travel time spent in this place.
 C = Inter-level travel time spent in this place.
 D = Time resting spent in this place.
 E = Time spent auto-exploring this place.
 F = Levels seen in this place.
 G = Mean time per level.
                   A        B        C        D        E       F      G
               +--------+--------+--------+--------+--------+-----+--------+
         Total |   2086 |   2028 |     58 |      0 |   1750 |   3 |  695.3 |
       Dungeon |   2086 |   2028 |     58 |      0 |   1750 |   3 |  695.3 |
               +--------+--------+--------+--------+--------+-----+--------+

Top non-repeatable levels by time:
     D:1: 1028 daAuts
     D:2: 878 daAuts
     D:3: 179 daAuts
